 Dungeon Crawl Stone Soup version 0.21.1-1-g345015f (webtiles) character file.

75268 inc the Nimble (level 15, -12/112 HPs)
             Began as an Octopode Fighter on Apr 25, 2018.
             Was a High Priest of Okawaru.
             Mangled by an orc knight
             ... wielding a +1 war axe of chopping
              (27 damage)
             ... on level 2 of the Orcish Mines.
             The game lasted 00:57:57 (27210 turns).

inc the Nimble (Octopode Fighter)                  Turns: 27210, Time: 00:57:58

Health: -12/112    AC: 11    Str: 18    XL:     15   Next: 49%
Magic:  14/21      EV: 35    Int: 10    God:    Okawaru [*****.]
Gold:   1997       SH: 23    Dex: 19    Spells: 14/14 levels left

rFire    . . .     SeeInvis +   s - +2 mace (protect)
rCold    + . .     Gourm    .   i - +2 shield {AC+3}
rNeg     . . .     Faith    .   (helmet restricted)
rPois    .         Spirit   .   u - +2 amulet of reflection
rElec    .         Reflect  +   p - ring of see invisible
rCorr    .         Harm     .   c - ring of wizardry
MR       +....                  y - ring of flight
Stlth    +++++.....             W - ring of protection from cold
HPRegen  0.28/turn              (no ring)
MPRegen  0.17/turn              (no ring)
                                (no ring)
                                (no ring)

@: agile, heroism, finesse, protection aura, berserk cooldown, hasted and slowed
A: almost no armour, stealthy swim, amphibious, 8 rings, constrict 8, large bone
plates 1, camouflage 1, clumsy 1, gelatinous body 1
a: Heroism, Finesse, Renounce Religion, Evoke Flight


You were on level 2 of the Orcish Mines.
You worshipped Okawaru.
Okawaru was extremely pleased with you.
You were not hungry.

You visited 4 branches of the dungeon, and saw 21 of its levels.
You also visited: Bailey and Ice Cave.

You collected 1997 gold pieces.

Inventory:

Hand Weapons
 s - a +2 mace of protection (weapon)
 R - a +2 flail of holy wrath
Armour
 b - a +0 shield
 i - a +2 shield of protection (worn)
Jewellery
 c - a ring of wizardry (right tentacle)
 p - a ring of see invisible (left tentacle)
 u - a +2 amulet of reflection (around mantle)
 v - an uncursed amulet of regeneration
 y - a ring of flight (on tentacle)
 H - an uncursed amulet of the gourmand
 Q - an uncursed ring of ice
 W - a ring of protection from cold (on tentacle)
Wands
 K - a wand of paralysis (33)
 V - a wand of iceblast (33)
 X - a wand of acid (4)
Scrolls
 e - 4 scrolls of enchant weapon {unknown}
 f - 2 scrolls of enchant armour
 g - 5 scrolls of magic mapping
 h - 7 scrolls of teleportation
 m - 7 scrolls of identify
 n - 6 scrolls of remove curse
 o - 6 scrolls of fog
 q - a scroll of fear
 r - a scroll of blinking
 A - 2 scrolls of immolation
 D - 2 scrolls of torment
 E - 5 scrolls of amnesia
 S - a scroll of summoning
Potions
 j - 7 potions of mutation
 k - 8 potions of curing
 l - 5 potions of brilliance
 t - a potion of agility
 z - 4 potions of haste
 B - 4 potions of magic
 L - 3 potions of lignification
 M - 2 potions of ambrosia {unknown}
 N - 3 potions of might
 T - 4 potions of invisibility
 U - a potion of flight
Books
 a - a book of Flames

   Spells                             Type                      Level
   a - Flame Tongue                   Conjuration/Fire             1
   b - Throw Flame                    Conjuration/Fire             2
   c - Conjure Flame                  Conjuration/Fire             3
   d - Inner Flame                    Hexes/Fire                   3
   e - Sticky Flame                   Conjuration/Fire             4
   f - Fireball                       Conjuration/Fire             5
 C - a book of Ice

   Spells                             Type                      Level
   a - Ice Form                       Ice/Transmutation            4
   b - Metabolic Englaciation         Hexes/Ice                    5
   c - Ozocubu's Refrigeration        Ice                          6
   d - Bolt of Cold                   Conjuration/Ice              6
   e - Freezing Cloud                 Conjuration/Ice/Air          6
   f - Simulacrum                     Ice/Necromancy               6
 F - a book of Geomancy

   Spells                             Type                      Level
   a - Sandblast                      Earth                        1
   b - Passwall                       Transmutation/Earth          2
   c - Stone Arrow                    Conjuration/Earth            3
   d - Petrify                        Transmutation/Earth          4
   e - Lee's Rapid Deconstruction     Earth                        5
 J - a book of Debilitation

   Spells                             Type                      Level
   a - Corona                         Hexes                        1
   b - Slow                           Hexes                        2
   c - Inner Flame                    Hexes/Fire                   3
   d - Portal Projectile              Hexes/Translocation          3
   e - Cause Fear                     Hexes                        4
   f - Leda's Liquefaction            Hexes/Earth                  4
 P - a book of Conjurations

   Spells                             Type                      Level
   a - Magic Dart                     Conjuration                  1
   b - Searing Ray                    Conjuration                  2
   c - Dazzling Spray                 Conjuration/Hexes            3
   d - Fulminant Prism                Conjuration/Hexes            4
   e - Force Lance                    Conjuration/Translocation    4
   f - Iskenderun's Mystic Blast      Conjuration                  4
 Z - a Young Poisoner's Handbook

   Spells                             Type                      Level
   a - Sting                          Conjuration/Poison           1
   b - Poisonous Vapours              Poison/Air                   2
   c - Mephitic Cloud                 Conjuration/Poison/Air       3
   d - Olgreb's Toxic Radiance        Poison                       4
   e - Venom Bolt                     Conjuration/Poison           5
Comestibles
 d - 16 rations


   Skills:
 - Level 13.9(18.9) Fighting
 + Level 11.2(16.2) Maces & Flails
 - Level 13.9(18.9) Dodging
 + Level 11.4(16.4) Shields
 - Level 8.5 Invocations


You had 14 spell levels left.
You didn't know any spells.

Dungeon Overview and Level Annotations

Branches:
Dungeon (13/15)            Temple (1/1) D:5            Lair (5/6) D:10
 Shoals (0/4) Lair:4        Snake (0/4) Lair:2          Orc (2/2) D:12
    Elf (0/3) Orc:2        Vaults (0/5) D:13
  Slime: Lair:5-6

Altars:
Ashenzari
Cheibriados
Dithmenos
Elyvilon
Fedhas
Gozag
Hepliaklqana
Kikubaaqudgha
Makhleb
Nemelex Xobeh
Okawaru
Qazlal
Ru
Sif Muna
Trog
Uskayaw
Vehumet
Wu Jian
Xom
Yredelemnul
Zin
The Shining One

Portals:
Trove: D:13 (give 16 scrolls of identify)

Annotations:
Lair:1 exclusion: oklob plant


Innate Abilities, Weirdness & Mutations

You cannot wear most types of armour.
You are very stealthy in the water. (Stealth+)
You are amphibious.
You can wear up to eight rings at the same time.
You can use your tentacles to constrict eight enemies at once.
Your skin changes colour to match your surroundings (Stealth+).
Your rubbery body absorbs attacks. (AC +1, EV +1)
You are partially covered in large bone plates. (SH +4)
You are clumsy. (Dex -2)


Message History

You block the orc high priest's attack.
The orc priest begins to cast a cantrip, but forgets the words!
You block the orc high priest's attack. You block the orange demon's attack.
You hit the orc high priest but do no damage.
You grab the orc high priest.
The orc high priest is lightly wounded.
You constrict the orc high priest.
The orc high priest prays to Beogh.
You block the orc high priest's attack.
The orc wizard mumbles some strange words.
The orc wizard flickers and vanishes for a moment.
You sock the orc high priest!
You tentacle-slap the orc high priest, but do no damage.
You squeeze the orc high priest!
The orc high priest is heavily wounded.
You constrict the orc high priest.
The orc wizard no longer looks unusually strong.
The orc high priest no longer looks unusually strong.
The orc knight hits you with a war axe of chopping!!
You die...

####.......###
##...........#.
###.........#.#..
##........))...#..
##.........)[)[....
##..)..#######.[....
#...)### #.#.[....
#..§## #....... #.)@#
####.... ##ooo# ##...
#444oo #... ##o÷oo..
#... ##..3o... #...
### 4..÷... ##...
##.####..... ##...#
#.....##÷... ###...##
#......#######>......


You could see 2 orc knights, 3 orc high priests, an orange demon, a hellwing, a
rust devil, a smoke demon, an orc sorcerer, a red devil, an orc priest and 2 orc
wizards.

Vanquished Creatures
  4 hydras
  A catoblepas (Lair:2)
  6 two-headed ogres
  2 dancing weapons (D:13)
  A centaur warrior (D:13)
  Erica (D:8)
  The ghost of markt42 the Basher, a journeyman GrFi of Okawaru (D:10)
  Urug (Lair:4)
  An unseen horror (D:12)
  A wolf spider zombie (D:11)
  3 orc knights
  2 necromancers
  5 orc sorcerers
  A cyclops (Orc:2)
  2 ugly things
  A manticore (D:12)
  A centaur zombie (D:13)
  2 elephants (Lair:4)
  3 black mambas
  9 spiny frogs
  2 gargoyles
  An ice statue (IceCv)
  A kobold demonologist (D:12)
  A rime drake (Lair:2)
  10 freezing wraiths (IceCv)
  2 komodo dragons
  An efreet (D:13)
  2 trolls
  A hornet (D:8)
  A queen bee (D:8)
  A polar bear (Lair:5)
  3 slime creatures (D:12)
  4 blink frogs (Lair:2)
  8 hippogriffs
  Sigmund (D:3)
  36 yaks
  A shadow (D:12)
  7 basilisks
  6 vampire mosquitoes
  A hungry ghost (D:12)
  2 steam dragons
  3 nagas (Lair:2)
  A death yak simulacrum (IceCv)
  2 wargs (Orc:1)
  A soldier ant (D:13)
  10 water moccasins
  7 porcupines
  Duvessa (D:5)
  A sky beast (D:12)
  12 ice beasts
  The ghost of azzavlup the Skirmisher, an amateur HOFi (D:3)
  A black bear (D:8)
  An elephant zombie (Lair:3)
  20 orc warriors
  An eye of draining (D:11)
  2 phantoms
  7 wolves
  2 necrophages
  13 ogres
  An alligator simulacrum (IceCv)
  10 centaurs
  9 crocodiles
  3 big kobolds
  Blork the orc (D:4)
  11 bullfrogs
  A gnoll sergeant (D:8)
  Dowan (D:5)
  6 scorpions
  A water moccasin skeleton (D:10)
  A troll zombie (D:12)
  31 killer bees
  5 howler monkeys
  3 wights (D:11)
  5 electric eels
  2 bullfrog zombies
  6 crimson imps
  17 orc priests
  2 hounds
  2 centaur skeletons
  5 draconian simulacra (IceCv)
  25 orc wizards
  A basilisk zombie (Lair:3)
  4 bullfrog skeletons
  8 iguanas
  7 worker ants
  A polar bear simulacrum (IceCv)
  6 troll simulacra (IceCv)
  A wolf simulacrum (IceCv)
  7 ogre zombies (D:12)
  5 centaur simulacra (IceCv)
  A hound zombie (D:10)
  2 worker ant zombies (D:7)
  20 gnolls
  21 adders
  A howler monkey skeleton (D:6)
  2 ogre simulacra (IceCv)
  2 naga simulacra (IceCv)
  A shadow imp (D:5)
  24 white imps
  3 oozes
  2 adder zombies (D:5)
  2 adder skeletons
  3 worms
  4 dart slugs
  5 leopard geckos
  69 orcs
  7 ball pythons (D:2)
  8 bats
  7 giant cockroaches
  17 goblins
  17 hobgoblins
  6 quokkas
  3 frilled lizards
  A goblin skeleton (D:12)
  2 goblin zombies (D:12)
  A hobgoblin skeleton (D:12)
  5 hobgoblin zombies (D:12)
  A jackal skeleton (D:5)
  33 kobolds
  A leopard gecko skeleton (D:7)
  6 orc skeletons (D:12)
  10 orc zombies (D:12)
  2 quokka skeletons
  7 rats
710 creatures vanquished.

Vanquished Creatures (others)
  A sky beast (D:13)
  2 hobgoblins (Bailey)
  2 kobolds
  6 fungi
  14 plants
25 creatures vanquished.

Grand Total: 735 creatures vanquished

Notes
Turn   | Place    | Note
-------+----------+-------------------------------------------
     0 | D:1      | inc the Octopode Fighter began the quest for the Orb.
     0 | D:1      | Reached XP level 1. HP: 16/16 MP: 1/1
   108 | D:1      | Reached XP level 2. HP: 19/21 MP: 2/2
   350 | D:1      | Reached XP level 3. HP: 13/26 MP: 3/3
   967 | D:2      | Found a shattered altar of Ashenzari.
  1303 | D:2      | Reached XP level 4. HP: 31/31 MP: 4/4
  1381 | D:2      | Reached XP level 5. HP: 25/36 MP: 5/5
  1846 | D:2      | Found a sacrificial altar of Ru.
  2097 | D:3      | Noticed Sigmund
  2115 | D:3      | Killed Sigmund
  2115 | D:3      | Reached skill level 5 in Shields
  2115 | D:3      | Reached XP level 6. HP: 42/42 MP: 6/6
  2146 | D:3      | Noticed azzavlup's ghost (amateur HOFi)
  2157 | D:3      | Killed azzavlup's ghost
  2157 | D:3      | Reached skill level 5 in Maces & Flails
  2288 | D:3      | Found a glowing golden altar of the Shining One.
  2307 | D:3      | Noticed a hand axe
  2312 | D:3      | Noticed a dagger
  2315 | D:3      | Found a hide-covered altar of Uskayaw.
  2320 | D:3      | Reached XP level 7. HP: 46/46 MP: 7/7
  2821 | D:3      | Found a radiant altar of Vehumet.
  2932 | D:3      | Found a stormy altar of Qazlal.
  3605 | D:4      | Reached XP level 8. HP: 46/52 MP: 8/8
  3758 | D:4      | Found a blossoming altar of Fedhas.
  3795 | D:4      | Found a white marble altar of Elyvilon.
  3822 | D:4      | Noticed Blork the orc
  3829 | D:4      | Killed Blork the orc
  3978 | D:5      | Entered Level 5 of the Dungeon
  3991 | D:5      | Found a staircase to the Ecumenical Temple.
  4001 | Temple   | Entered the Ecumenical Temple
  4084 | Temple   | Became a worshipper of Warmaster Okawaru
  4816 | D:5      | Noticed Dowan
  4821 | D:5      | Noticed Duvessa
  4828 | D:5      | Killed Dowan
  4841 | D:5      | Killed Duvessa
  5145 | D:6      | Found a radiant altar of Vehumet.
  5254 | D:6      | Reached XP level 9. HP: 48/56 MP: 9/9
  5281 | D:6      | Reached * piety under Okawaru
  5437 | D:6      | Found a deep blue altar of Sif Muna.
  6004 | D:8      | Gained mutation: You are clumsy. (Dex -2) [potion of mutation]
  6004 | D:8      | Gained mutation: You are partially covered in large bone plates. (SH +4) [potion of mutation]
  6261 | D:7      | Noticed a two-headed ogre
  6291 | D:7      | Noticed a two-headed ogre
  6292 | D:7      | Killed a two-headed ogre
  6292 | D:7      | Reached ** piety under Okawaru
  6292 | D:7      | Reached *** piety under Okawaru
  6292 | D:7      | Reached skill level 10 in Shields
  6934 | D:7      | Reached XP level 10. HP: 56/63 MP: 10/10
  6938 | D:7      | Reached skill level 10 in Maces & Flails
  7131 | D:7      | Found a hazy altar of Hepliaklqana.
  7140 | D:7      | Killed a two-headed ogre
  7149 | D:7      | Found a burning altar of Makhleb.
  7249 | D:8      | Noticed a two-headed ogre
  7266 | D:8      | Killed a two-headed ogre
  7266 | D:8      | Reached skill level 5 in Fighting
  7266 | D:8      | Reached skill level 5 in Dodging
  7313 | D:8      | Reached skill level 1 in Invocations
  7356 | D:8      | Reached **** piety under Okawaru
  7603 | D:8      | Reached skill level 5 in Invocations
  7738 | D:8      | Noticed Erica
  7748 | D:8      | Killed Erica
  7748 | D:8      | Reached XP level 11. HP: 55/72 MP: 13/15
  7912 | D:8      | Noticed a two-headed ogre
  7925 | D:8      | Killed a two-headed ogre
  8414 | D:8      | Reached ***** piety under Okawaru
  8699 | D:9      | Found an opulent altar of Gozag.
  8840 | D:9      | Found a glowing silver altar of Zin.
  8943 | D:9      | Found a blossoming altar of Fedhas.
  9888 | D:10     | Entered Level 10 of the Dungeon
 10057 | D:10     | Noticed markt42's ghost (journeyman GrFi)
 10108 | D:10     | Found a flagged portal.
 10254 | Bailey   | Entered a bailey
 10671 | D:10     | Killed markt42's ghost
 10720 | D:10     | Found a staircase to the Lair.
 11405 | D:11     | Noticed a two-headed ogre
 11421 | D:11     | Killed a two-headed ogre
 11449 | D:11     | Noticed a purple ugly thing
 11466 | D:11     | Killed a purple ugly thing
 11560 | D:11     | Noticed an eight-headed hydra
 11682 | D:11     | Received a gift from Okawaru
 11683 | D:11     | Reached XP level 12. HP: 65/82 MP: 0/18
 11886 | D:11     | Killed an eight-headed hydra
 12908 | D:12     | Found a staircase to the Orcish Mines.
 13039 | D:12     | Received a gift from Okawaru
 14068 | D:13     | Found a portal to a secret trove of treasure.
 14129 | D:13     | Reached skill level 10 in Fighting
 14132 | D:13     | Reached skill level 10 in Dodging
 14457 | D:13     | Found a gate to the Vaults.
 14591 | D:13     | Reached XP level 13. HP: 34/93 MP: 19/19
 15014 | Orc:1    | Entered Level 1 of the Orcish Mines
 15014 | Orc:1    | Found a shimmering altar of Xom.
 15296 | Lair:1   | Entered Level 1 of the Lair of Beasts
 15487 | Lair:1   | Received a gift from Okawaru
 16994 | Lair:2   | Received a gift from Okawaru
 17549 | Lair:2   | Reached XP level 14. HP: 106/106 MP: 20/20
 17682 | Lair:2   | Found a staircase to the Snake Pit.
 18433 | Lair:3   | Found a frozen archway.
 18619 | IceCv    | Entered an ice cave
 19691 | IceCv    | Found an ancient bone altar of Kikubaaqudgha.
 21187 | Lair:4   | Reached XP level 15. HP: 89/111 MP: 21/21
 21205 | Lair:4   | Found a staircase to the Shoals.
 21263 | Lair:4   | Noticed Urug
 21279 | Lair:4   | Killed Urug
 25505 | Orc:2    | Entered Level 2 of the Orcish Mines
 25927 | Orc:2    | Found a staircase to the Elven Halls.
 27210 | Orc:2    | Mangled by an orc knight

Skill      XL: |  1  2  3  4  5  6  7  8  9 10 11 12 13 14 15 |
---------------+----------------------------------------------+-----
Maces & Flails | 3 4 5 6 8 9 10 11 | 11.2
Shields        | 4 5 7 8 10 11 | 11.4
Fighting       | 5 8 10 13 | 13.9
Dodging        | 5 8 10 13 | 13.9
Invocations    | 6 8 |  8.5

Action                   |  1- 3 |  4- 6 |  7- 9 | 10-12 | 13-15 || total
-------------------------+-------+-------+-------+-------+-------++-------
Melee: Flail             |    52 |    89 |    19 |       |       ||   160
       Constrict         |    15 |    19 |    70 |   144 |   140 ||   388
       Tentacles         |     7 |    21 |    65 |   236 |   393 ||   722
       Mace              |       |       |   310 |  1019 |  1397 ||  2726
       Punch             |       |       |       |    11 |    19 ||    30
Invok: Heroism           |       |       |       |    19 |    17 ||    36
       Finesse           |       |       |       |     5 |     5 ||    10
Evoke: Wand              |       |       |       |       |     1 ||     1
  Use: Potion            |       |     1 |     4 |     8 |    16 ||    29
       Scroll            |       |       |     9 |     9 |     8 ||    26
 Stab: Sleeping          |     4 |     8 |    10 |    10 |    11 ||    43
       Distracted        |       |       |     1 |     2 |     1 ||     4
       Petrified         |       |       |       |       |     1 ||     1
  Eat: Chunk             |     1 |     4 |    13 |    14 |    15 ||    47
       Ration            |       |       |       |     4 |     8 ||    12
Armor: Skin              |       |     9 |    31 |    79 |   101 ||   220
Dodge: Dodged            |    15 |    40 |   117 |   333 |   660 ||  1165
Block: Shield            |    23 |    45 |   164 |   840 |  1228 ||  2300
       Reflection        |       |     1 |    10 |    44 |    29 ||    84
